 Dungeon Crawl Stone Soup version 0.17-a0-1887-g3e50df6 (webtiles) character file.

10448 GrandHerb the Spear-Bearer (level 11, 0/99 HPs)
             Began as a Deep Dwarf Fighter on Sept 22, 2015.
             Was a Believer of the Shining One.
             Killed from afar by an ice statue (26 damage)
             ... with a bolt of cold
             ... on level 11 of the Dungeon on Sept 23, 2015.
             The game lasted 01:16:10 (8872 turns).

GrandHerb the Spear-Bearer (Deep Dwarf Fighter)     Turns: 8872, Time: 01:16:12

Health: 0/99       AC: 15    Str: 23    XL:     11   Next: 36%
Magic:  9/9        EV: 12    Int:  9    God:    the Shining One [**....]
Gold:   537        SH: 12    Dex: 17    Spells: 0 memorised, 10 levels left

rFire  + . .     SeeInvis .     A - +3 spear (freeze)
rCold  . . .     Clarity  .     u - +1 chain mail {rF+}
rNeg   + . .     SustAt   .     c - +0 shield
rPois  .         Gourm    .     (no helmet)
rElec  .         Spirit   .     R - +2 cloak
rCorr  +         Warding  .     (no gloves)
rMut   .         Stasis   .     (no boots)
MR     +....                    i - amulet of resist corrosion
Stlth  ..........               p - +5 ring of dexterity
                                K - +1 ring of evasion

@: non-regenerating, glowing, somewhat resistant to hostile enchantments,
extremely unstealthy
A: damage resistance, recharge devices, sense surroundings 2, slow healing 3
a: Device Recharging, Divine Shield, Renounce Religion


You were on level 11 of the Dungeon.
You worshipped the Shining One.
The Shining One was pleased with you.
You were not hungry.

You visited 2 branches of the dungeon, and saw 12 of its levels.

You collected 537 gold pieces.

Inventory:

Hand weapons
 a - a +0 trident
 A - a +3 spear of freezing (weapon)
Missiles
 t - 5 throwing nets (quivered)
Armour
 c - a +0 shield (worn)
 u - a +1 chain mail of fire resistance (worn)
 O - a troll hide
 R - a +2 cloak (worn)
Jewellery
 i - an amulet of resist corrosion (around neck)
 n - an uncursed ring of magical power
 p - a +5 ring of dexterity (right hand)
 K - a +1 ring of evasion (left hand)
Magical devices
 e - a wand of heal wounds (2)
 m - a wand of fireball (0)
 C - a wand of teleportation (2)
 H - a wand of polymorph (8)
 J - a wand of polymorph (12)
 L - a wand of confusion (21)
 N - a wand of paralysis (11)
 S - a wand of enslavement (10)
 U - a wand of lightning (6)
Scrolls
 b - a scroll of torment
 g - 2 scrolls of enchant armour
 j - 2 scrolls of random uselessness {unknown}
 k - 6 scrolls of remove curse
 l - a scroll of fear {unknown}
 s - a scroll of amnesia {unknown}
 w - 3 scrolls of blinking
 x - 3 scrolls of teleportation {unknown}
 y - a scroll of enchant weapon {unknown}
 z - a scroll of noise {unknown}
 B - 2 scrolls of immolation {unknown}
 G - a scroll of recharging {unknown}
 I - a scroll of identify
 T - a scroll of brand weapon {unknown}
Potions
 d - 3 potions of might
 h - a potion of brilliance
 o - 8 potions of curing
 q - 3 potions of haste
 E - a potion of agility
 F - a potion of lignification
Books
 v - a Fen Folio

   Spells                             Type                      Level
   a - Corpse Rot                     Necromancy                   2
   b - Stone Arrow                    Conjuration/Earth            3
   c - Leda's Liquefaction            Hexes/Earth                  4
   d - Summon Forest                  Summoning/Translocation      5
   e - Hydra Form                     Transmutation                6
   f - Summon Hydra                   Summoning                    7
 P - a book of Callings

   Spells                             Type                      Level
   a - Summon Small Mammal            Summoning                    1
   b - Call Imp                       Summoning                    2
   c - Call Canine Familiar           Summoning                    3
   d - Summon Guardian Golem          Hexes/Summoning              3
   e - Summon Lightning Spire         Summoning/Air                4
   f - Summon Ice Beast               Ice/Summoning                4
Comestibles
 f - 4 bread rations
 r - 6 meat rations
 M - a fruit
 Q - a royal jelly


   Skills:
 + Level 6.6 Fighting
 * Level 8.9 Polearms
 + Level 8.1 Armour
 + Level 7.1 Dodging
 + Level 7.9 Shields
 + Level 4.9 Invocations
 + Level 8.8 Evocations


You had 10 spell levels left.
You didn't know any spells.

Dungeon Overview and Level Annotations

Branches:
Dungeon (11/15)            Temple (1/1) D:7            Lair (0/8) D:8
    Orc: D:9-12

Altars:
Ashenzari
Dithmenos
Gozag
Kikubaaqudgha
Makhleb
Nemelex Xobeh
Okawaru
Qazlal
Trog
Xom
Yredelemnul
Zin
The Shining One

Portals:
Ice
Cave: D:11

Annotations:
D:11 exclusion: ice statue


Innate Abilities, Weirdness & Mutations

You are resistant to damage.
You can recharge devices by infusing magical energy.
You passively map the area around you.
You do not heal naturally.


Message History

The ice statue is severely damaged.
You block the ice beast's attack. The ice beast closely misses you.
You hit the ice statue but do no damage.
The ice statue is severely damaged.
The ice beast barely misses you. x2
The ice beast closely misses you.
You hit the ice statue but do no damage.
The ice statue is severely damaged.
You block the ice beast's attack. x2
You hit the ice statue.
The ice statue is almost destroyed.
The ice beast barely misses you.
You hit the ice statue but do no damage.
The ice statue is almost destroyed.
The ice beast hits you but does no damage.
The ice beast barely misses you.
The ice beast hits you but does no damage.
The ice statue throws cold at you. The bolt of cold hits you!
You die...

#.## ,, * #..#
,* , ,
######..####.,
,* ,
#.............
, *
#.###.........
, , * #.#
#######...
#.########* ..
#.#..Y...#* #*
#.#..Y@..# * *
#.'..8Y∩.# ,
###......# * *
#......# ,
######## ,, ,
* ,, , , ,, *
, * *


You could see an ice statue and 3 ice beasts.

Vanquished Creatures
  Harold (D:10)
  An unseen horror (D:11)
  A hill giant (D:7)
  Joseph (D:10)
  A two-headed ogre (D:10)
  A troll (D:9)
  Grinder (D:3)
  The ghost of Goblin1989 the Cutter, an average KoAs (D:4)
  10 yaks (D:9)
  A deep elf fighter (D:8)
  Menkaure (D:8)
  A steam dragon (D:10)
  3 hippogriffs
  2 orc warriors
  Duvessa (D:6)
  8 ice beasts
  A sky beast (D:8)
  3 water moccasins
  A black bear (D:9)
  6 ogres
  4 centaurs
  A crocodile (D:8)
  A phantom (D:4)
  A gnoll sergeant (D:6)
  9 giant frogs
  6 scorpions
  Dowan (D:6)
  4 wights
  5 killer bees (D:10)
  4 crimson imps
  A giant frog zombie (D:10)
  6 orc priests
  A quasit (D:10)
  5 jellies
  2 centaur zombies
  4 orc wizards
  3 hounds
  A giant frog skeleton (D:7)
  A centaur skeleton (D:6)
  8 worker ants
  2 iguanas
  2 sheep (D:10)
  A hound zombie (D:6)
  3 hound skeletons
  A worker ant zombie (D:11)
  8 gnolls
  11 adders
  4 river rats (D:8)
  A shadow imp (D:6)
  An ooze (D:4)
  An adder skeleton (D:4)
  2 adder zombies
  2 worms
  8 giant geckos
  31 orcs
  2 ball pythons
  7 giant cockroaches
  9 hobgoblins
  10 jackals
  10 kobolds
  6 quokkas
  14 bats
  4 giant newts
  7 goblins
  2 jackal skeletons
  2 quokka skeletons
  12 rats
277 creatures vanquished.

Vanquished Creatures (others)
  7 fungi (D:8)
7 creatures vanquished.

Grand Total: 284 creatures vanquished

Notes
Turn   | Place    | Note
--------------------------------------------------------------
     0 | D:1      | GrandHerb the Deep Dwarf Fighter began the quest for the Orb.
     0 | D:1      | Reached XP level 1. HP: 20/20 MP: 1/1
   463 | D:1      | Reached XP level 2. HP: 25/27 MP: 2/2
   512 | D:1      | Reached skill level 1 in Dodging
  1054 | D:2      | Found a faded altar to an unknown god.
  1074 | D:2      | Reached XP level 3. HP: 29/33 MP: 3/3
  1081 | D:2      | Reached skill level 1 in Evocations
  1353 | D:2      | Found a burning altar of Makhleb.
  1386 | D:2      | Reached XP level 4. HP: 35/42 MP: 4/4
  1489 | D:2      | Upgraded the game from 0.17-a0-1882-g750edc8 to 0.17-a0-1887-g3e50df6
  1684 | D:3      | Reached skill level 4 in Armour
  1711 | D:3      | Reached XP level 5. HP: 18/49 MP: 6/6
  1772 | D:3      | Noticed Grinder
  1809 | D:3      | Paralysed by Grinder for 4 turns
  1822 | D:3      | Killed Grinder
  1822 | D:3      | Reached XP level 6. HP: 43/56 MP: 7/7
  1842 | D:3      | Found a shadowy altar of Dithmenos.
  2316 | D:4      | Reached XP level 7. HP: 37/62 MP: 8/8
  2502 | D:4      | Noticed a hippogriff
  2518 | D:4      | Killed a hippogriff
  2518 | D:4      | Reached skill level 5 in Armour
  2558 | D:4      | Noticed Goblin1989's ghost (average KoAs)
  2618 | D:4      | Killed Goblin1989's ghost
  2871 | D:5      | Entered Level 5 of the Dungeon
  2888 | D:5      | Reached skill level 5 in Polearms
  2888 | D:5      | Reached XP level 8. HP: 32/72 MP: 9/9
  2991 | D:5      | Found a bloodstained altar of Trog.
  3548 | D:5      | Found an ancient bone altar of Kikubaaqudgha.
  3552 | D:5      | Found a stormy altar of Qazlal.
  3727 | D:6      | Noticed Duvessa
  3745 | D:5      | Reached skill level 5 in Shields
  3795 | D:6      | Noticed Dowan
  3809 | D:6      | Killed Dowan
  3907 | D:6      | Killed Duvessa
  4008 | D:6      | Reached skill level 5 in Evocations
  4009 | D:6      | Reached skill level 6 in Polearms
  4381 | D:7      | Gained mutation: You passively map the area around you. [Deep Dwarf growth]
  4381 | D:7      | Reached XP level 9. HP: 43/80 MP: 10/10
  4382 | D:7      | Noticed a hill giant
  4404 | D:7      | Killed a hill giant
  4404 | D:7      | Reached skill level 5 in Fighting
  4404 | D:7      | Reached skill level 5 in Dodging
  4552 | D:7      | Noticed Menkaure
  4662 | D:7      | Reached skill level 7 in Polearms
  4712 | D:7      | Found a staircase to the Ecumenical Temple.
  4717 | Temple   | Entered the Ecumenical Temple
  4728 | Temple   | Became a worshipper of the Shining One
  5181 | D:8      | Killed Menkaure
  5181 | D:8      | Reached skill level 1 in Invocations
  5424 | D:8      | Found a shattered altar of Ashenzari.
  5493 | D:8      | Reached XP level 10. HP: 42/91 MP: 10/10
  6287 | D:8      | Found a staircase to the Lair.
  6478 | D:9      | Found a basalt altar of Yredelemnul.
  7201 | D:9      | Found a sparkling altar of Nemelex Xobeh.
  7225 | D:9      | Acquired the Shining One's first power
  7271 | D:9      | Reached skill level 8 in Polearms
  7860 | D:10     | Entered Level 10 of the Dungeon
  7993 | D:10     | Reached XP level 11. HP: 54/99 MP: 9/9
  8065 | D:10     | Noticed Joseph
  8075 | D:10     | Killed Joseph
  8378 | D:10     | Acquired the Shining One's second power
  8426 | D:10     | Noticed Harold
  8463 | D:10     | Killed Harold
  8826 | D:11     | Found a frozen archway.
  8826 | D:11     | Noticed an ice statue
  8828 | D:11     | Noticed an unseen horror
  8837 | D:11     | Killed an unseen horror
  8872 | D:11     | Killed from afar by an ice statue

Vault maps used:
D:1:      saegor_arrival_simple_b, columned_hall_lemuel,
          roderic_curled_sauvastika, minivault_14, solitary_fountain
D:2:      bloody_makhleb, first_bread, ecumenical_altar_1,
          hangedman_decor_opposing, minmay_goblin_kobold_house
D:3:      grunt_dithmenos_smoke, uniq_grinder
D:4:      minmay_misc_feat_plants, st_stairs_3
D:5:      minitemple, bloody_trog
D:6:      uniq_duvessa
D:7:      temple_doors_c, uniq_menkaure
D:8:      evilmike_ruin_ashenzari, grunt_lair_entry_elf_guard_hut
D:9:      lemuel_doored_altar, nemelex_xobeh_ov_fountains_minmay
D:10:     uniq_joseph, uniq_harold
D:11:     portal_ice_cave_entry_ice_statue_01
Temple:   eino_temple_water_12

Action                   |  1- 3 |  4- 6 |  7- 9 | 10-12 || total
-------------------------+-------+-------+-------+-------++-------
Melee: Trident           |   174 |   181 |   352 |       ||   707
       Spear             |       |       |   280 |   641 ||   921
Throw: Throwing net      |       |       |     1 |       ||     1
 Abil: Device Recharging |       |     1 |     4 |     3 ||     8
Evoke: Wand              |     1 |     6 |    18 |    11 ||    36
  Use: Scroll            |       |     2 |     8 |     3 ||    13
       Potion            |       |       |     1 |     3 ||     4
  Eat: Chunk             |     2 |     3 |     9 |    13 ||    27
       Pizza             |       |       |     1 |       ||     1
